 Dungeon Crawl Stone Soup version 0.26-a0-1013-gf6ffb0d6bd (webtiles) character file.

Game seed: 8256823873938325723

8339 ringo67 the Cleaver (level 11, -4/101 HPs)
             Began as a Palentonga Abyssal Knight on Dec 7, 2020.
             Was an Elder of Lugonu.
             Slain by a cyclops (9 damage)
             ... on level 9 of the Dungeon.
             The game lasted 00:23:23 (15113 turns).

ringo67 the Cleaver (Palentonga Abyssal Knight)    Turns: 15113, Time: 00:23:24

Health: -4/101     AC: 27    Str: 18    XL:     11   Next: 8%
Magic:  8/16       EV:  2    Int: 13    God:    Lugonu [****..]
Gold:   513        SH:  0    Dex: 10    Spells: 10/10 levels left

rFire    . . .     SeeInvis +   w - +2 war axe (freeze)
rCold    . . .     Faith    .   (no shield)
rNeg     . . .     Spirit   .   y - +0 plate armour
rPois    .         Reflect  .   a - +2 hat {Will+}
rElec    .         Harm     .   M - +0 cloak
rCorr    +         Rampage  .   L - +0 pair of gloves
Will     +....                  B - +0 barding
Stlth    ..........             (no amulet)
HPRegen  0.26/turn              (no ring)
MPRegen  0.15/turn              d - ring of resist corrosion

@: curled up
A: large, rugged brown scales 3, see invisible, deformed body, roll 1, armoured
tail, reflexive curl
a: Rolling Charge, Depart the Abyss, Bend Space, Banish, Corrupt, Renounce
Religion


You were on level 9 of the Dungeon.
You worshipped Lugonu.
Lugonu was greatly pleased with you.
You visited 1 branch of the dungeon, and saw 10 of its levels.
You visited the Abyss 1 time.

You collected 513 gold pieces.

Inventory:

Hand Weapons
 u - a +2 hand axe of venom
 w - a +2 war axe of freezing (weapon)
 Q - a +1 vorpal morningstar
Missiles
 p - 44 poisoned darts (quivered)
 N - 4 javelins
Armour
 a - a +2 hat of willpower (worn)
 b - a +0 leather armour
 i - a +0 helmet
 v - a +0 chain mail
 y - a +0 plate armour (worn)
 B - a +0 barding (worn)
 G - a +0 kite shield
 L - a +0 pair of gloves (worn)
 M - a +0 cloak (worn)
Jewellery
 d - a ring of resist corrosion (right hand)
 E - an uncursed ring of magical power
Wands
 e - a wand of iceblast (9)
 q - a wand of digging (7)
 F - a wand of paralysis (9)
 I - a wand of polymorph (15)
Scrolls
 c - 5 scrolls of remove curse
 f - a scroll of enchant weapon {unknown}
 g - 8 scrolls of teleportation
 h - 4 scrolls of identify
 k - a scroll of immolation
 l - a scroll of fear {unknown}
 o - 2 scrolls of amnesia
 H - 2 scrolls of enchant armour
 J - a scroll of blinking
Potions
 j - a potion of lignification {unknown}
 m - a potion of brilliance {unknown}
 n - 4 potions of flight
 r - a potion of attraction {unknown}
 s - 3 potions of resistance {unknown}
 t - a potion of heal wounds
 x - 4 potions of ambrosia
 z - 2 potions of curing {unknown}
 A - 3 potions of mutation {unknown}
 C - 2 potions of haste
 D - 2 potions of cancellation
 K - a potion of magic {unknown}
 O - 2 potions of might {unknown}


   Skills:
 + Level 8.4 Fighting
 * Level 10.8 Axes
 + Level 6.7 Armour
 - Level 3.2 Dodging
 + Level 7.8 Invocations


You had 10 spell levels left.
You didn't know any spells.
Your spell library contained the following spells:

 Spells                   Type           Power        Failure   Level
 Corona                   Hex            #......      100%        1
 Freeze                   Ice            #...         100%        1
 Magic Dart               Conj           #...         100%        1
 Blink                    Tloc           N/A          100%        2
 Call Imp                 Summ           #.......     100%        2
 Slow                     Hex            #.......     100%        2
 Confusing Touch          Hex            #.......     100%        3
 Conjure Flame            Conj/Fire      #.......     100%        3
 Frozen Ramparts          Ice            #.....       100%        3
 Gell's Gravitas          Tloc           #.........   100%        3
 Inner Flame              Hex/Fire       #.......     100%        3
 Mephitic Cloud           Conj/Pois/Air  #.......     100%        3
 Ozocubu's Armour         Ice            #.......     100%        3
 Portal Projectile        Hex/Tloc       #.....       100%        3
 Cause Fear               Hex            #.........   100%        4
 Hailstorm                Conj/Ice       #.......     100%        4
 Leda's Liquefaction      Hex/Erth       #.........   100%        4
 Petrify                  Tmut/Erth      #.......     100%        4
 Summon Ice Beast         Ice/Summ       #.......     100%        4
 Metabolic Englaciation   Hex/Ice        #.........   100%        5
 Yara's Violent Unravell  Hex/Tmut       #.........   100%        5


Dungeon Overview and Level Annotations

Branches:
Dungeon (10/15)            Temple (0/1) D:6             Orc (0/2) D:9
   Lair: D:8-11

Altars:
Fedhas
Hepliaklqana
Makhleb
Nemelex Xobeh
Trog
Wu Jian
Xom
The Shining One

Shops:
D:5 *


Innate Abilities, Weirdness & Mutations

You are completely covered in rugged brown scales. (AC +3, +7% HP)
You have supernaturally acute eyesight. (SInv)
Armour fits poorly on your strangely shaped body.
You can roll at nearby foes to attack.
You have a long armoured tail.
You curl defensively after being hit.


Message History

You are too injured to fight recklessly!
You are too injured to fight recklessly!
You slash the cyclops! You freeze the cyclops.
The cyclops is severely wounded.
You barely miss the cyclops.
The cyclops is severely wounded.
The cyclops hits you!
* * * LOW HITPOINT WARNING * * *
You hit the cyclops. You freeze the cyclops.
The cyclops is almost dead.
The cyclops hits you!
* * * LOW HITPOINT WARNING * * *
Press: ? - help, Shift-Dir - straight line, f - cyclops
Aim: a cyclops (almost dead, chance to resist: 28%)
The cyclops struggles to resist.
Unknown command.
Press: ? - help, Shift-Dir - straight line, f/p - cyclops
Aim: a cyclops (almost dead, chance to resist: 28%)
The cyclops struggles to resist.
The cyclops hits you!
You die...

..###..####...#.###.#.....^#.#...
...#..........##.##........#.##..
##...####..##...#.###...##.#.####
.##.##....#####.### #...##.#.....
#.....###############...##.######
.....## #...#.#.......#.# #
...#.# #.#.#)..........# .#.#.#
#####+#.....#####.### .#.#.#
#........@C..# #..####### .#.#.#
#.........)..# #......... .#.#.#
#............# #..####### .###.#
#............# #..#
...#.###..≈.........####..#######
)......[............#............
....≈...............#....########
...≈....######...................
....≈...# #.######.....#######


You could see a cyclops.

Vanquished Creatures
  Gastronok (D:8)
  A two-headed ogre (D:9)
  A centaur skeleton (D:10)
  14 wargs (D:8)
  A swamp drake (D:9)
  A sky beast (D:6)
  4 ice beasts
  A black bear (D:9)
  4 orc warriors
  2 phantoms
  2 ogres
  4 centaurs
  A big kobold (D:9)
  3 bullfrogs
  A wyvern zombie (D:9)
  A gnoll sergeant (D:9)
  5 scorpions
  5 killer bees
  5 wights (D:7)
  A bullfrog skeleton (D:8)
  A jelly (D:7)
  8 orc priests
  4 hounds
  2 centaur zombies (D:5)
  4 iguanas
  Terence (D:2)
  9 orc wizards
  4 worker ants
  Robin (D:2)
  A worker ant zombie (D:5)
  4 gnolls
  11 adders
  3 shadow imps
  3 white imps
  An ufetubus (D:7)
  2 oozes
  3 adder skeletons (D:4)
  2 worms
  2 dart slugs
  7 leopard geckos
  49 orcs
  2 ball pythons
  6 giant cockroaches
  13 goblins
  5 hobgoblins
  6 jackals
  4 quokkas
  5 bats
  9 frilled lizards
  A giant cockroach zombie (D:5)
  15 kobolds
  A quokka skeleton (D:6)
  5 rats
252 creatures vanquished.

Vanquished Creatures (others)
  Maurice (D:8)
  10 plants
11 creatures vanquished.

Grand Total: 263 creatures vanquished

Notes
Turn   | Place    | Note
-------+----------+-------------------------------------------
     0 | Abyss:1  | ringo67 the Palentonga Abyssal Knight began the quest for
                  | the Orb.
     0 | Abyss:1  | Reached XP level 1. HP: 20/20 MP: 2/2
    31 | D:1      | Escaped the Abyss
   256 | D:1      | Reached skill level 1 in Dodging
   281 | D:1      | Reached XP level 2. HP: 21/27 MP: 3/3
   933 | D:1      | Reached XP level 3. HP: 33/33 MP: 4/4
   938 | D:1      | Found a shadowy altar of Dithmenos.
   940 | D:1      | Found a shimmering altar of Xom.
   940 | D:1      | Found a sacrificial altar of Ru.
   949 | D:1      | Found a snail-covered altar of Cheibriados.
   949 | D:1      | Found a burning altar of Makhleb.
   949 | D:1      | Found an iron altar of Okawaru.
  2067 | D:2      | Reached ** piety under Lugonu
  2229 | D:2      | Found a faded altar of an unknown god.
  2308 | D:2      | Noticed Terence
  2316 | D:2      | Killed Terence
  2317 | D:2      | Reached XP level 4. HP: 19/40 MP: 5/5
  3288 | D:3      | Noticed Robin
  3802 | D:2      | Killed Robin
  3815 | D:3      | Reached skill level 3 in Axes
  3969 | D:3      | Reached XP level 5. HP: 35/49 MP: 6/6
  4904 | D:3      | Found a glowing golden altar of the Shining One.
  4904 | D:3      | Found a hazy altar of Hepliaklqana.
  5208 | D:4      | Reached XP level 6. HP: 49/55 MP: 7/7
  5267 | D:4      | Reached *** piety under Lugonu
  5646 | D:4      | Reached skill level 4 in Axes
  5841 | D:4      | Found a blossoming altar of Fedhas.
  6031 | D:4      | Found a bloodstained altar of Trog.
  6105 | D:5      | Entered Level 5 of the Dungeon
  6120 | D:5      | Gained mutation: You curl defensively after being hit.
                  | [Palentonga growth]
  6120 | D:5      | Reached XP level 7. HP: 54/64 MP: 8/8
  6485 | D:5      | Found a sparkling altar of Nemelex Xobeh.
  6527 | D:5      | Found Lics's Elemental Accessories.
  6748 | D:6      | Reached skill level 5 in Axes
  7333 | D:6      | Reached skill level 5 in Fighting
  7749 | D:6      | Reached XP level 8. HP: 71/72 MP: 10/10
  7959 | D:6      | Reached skill level 6 in Axes
  8239 | D:6      | Found a staircase to the Ecumenical Temple.
  8604 | D:7      | Reached skill level 7 in Axes
  8612 | D:7      | Reached **** piety under Lugonu
  9318 | D:7      | Reached XP level 9. HP: 73/80 MP: 12/12
  9864 | D:8      | Noticed Maurice
  9880 | D:8      | Killed Maurice
  9881 | D:8      | Reached skill level 5 in Armour
  9881 | D:8      | Reached skill level 5 in Invocations
  9970 | D:8      | Reached skill level 8 in Axes
 10574 | D:8      | Noticed an orc knight
 10649 | D:8      | Reached skill level 9 in Axes
 10742 | D:8      | Reached XP level 10. HP: 11/92 MP: 14/14
 11720 | D:8      | Noticed Gastronok
 12405 | D:8      | Killed Gastronok
 12406 | D:8      | Reached skill level 10 in Axes
 12620 | D:8      | Found an ornate altar of the Wu Jian Council.
 12813 | D:9      | Found a burning altar of Makhleb.
 12944 | D:9      | Noticed a two-headed ogre
 12966 | D:9      | Killed a two-headed ogre
 13239 | D:9      | Found a staircase to the Orcish Mines.
 13905 | D:10     | Entered Level 10 of the Dungeon
 13920 | D:10     | Reached XP level 11. HP: 98/100 MP: 16/16
 14461 | D:10     | Found a flagged portal.
 15111 | D:9      | HP: 4/101 [cyclops (17)]
 15113 | D:9      | Slain by a cyclops

Illustrated notes

Levels and vault maps discovered:
D:1:      dpeg_arrival_rhombi, layout_loops_corners, doesnt_xom_only_xom
D:2:      layout_basic, chequers_ecumenical_altar_simple_redux, uniq_terence
D:3:      layout_loops_ring, gammafunk_temple_overflow_statue,
          serial_bayou_lagoon_a, uniq_robin
D:4:      layout_cave_pools, lightli_temple_of_fire, fedhas_ov_isle_minmay
D:5:      layout_basic, basic_altar, nicolae_elemental_shop
D:6:      layout_basic, minmay_temple_entry_trees, kennysheep_generic_room_10
D:7:      layout_basic
D:8:      lemuel_castle_with_subvaults [lemuel_castle_interior_carwin_1],
          layout_basic, lemuel_coloured_pillars_altar, dk_noncrumbling_3,
          dk_rats_in_the_wall, uniq_maurice, uniq_gastronok
D:9:      wad_crossroads, layout_basic, nicolae_overflow_hidden_temple,
          erik_orc_1, basic_altar
D:10:     layout_gridville, enter_bailey_5, hangedman_feature_mirror,
          kennysheep_generic_room_3

Skill      XL: |  1  2  3  4  5  6  7  8  9 10 |
---------------+-------------------------------+-----
Dodging        | 1 2 3 |  3.2
Armour         | 2 3 4 5 6 |  6.7
Axes           | 3 4 5 7 9 10 | 10.8
Fighting       | 4 5 6 7 8 |  8.4
Invocations    | 3 4 6 7 |  7.8

Action                   |  1- 3 |  4- 6 |  7- 9 | 10-12 || total
-------------------------+-------+-------+-------+-------++-------
Melee: Hand axe          |   102 |    32 |       |       ||   134
       Tailslap          |     8 |    17 |    25 |    24 ||    74
       Whip              |    15 |   106 |       |       ||   121
       War axe           |       |    35 |   256 |   268 ||   559
Throw: Dart              |       |       |     2 |    16 ||    18
Invok: Banish            |       |       |       |     2 ||     2
 Abil: Rolling Charge    |     3 |     7 |    16 |     1 ||    27
  Use: Scroll            |       |       |     8 |     4 ||    12
       Potion            |       |       |     1 |     1 ||     2
 Stab: Confused          |       |       |       |     1 ||     1
Armor: Leather armour    |    42 |    46 |       |       ||    88
       Chain mail        |       |    32 |    18 |       ||    50
       Plate armour      |       |       |   196 |   279 ||   475
Dodge: Dodged            |    66 |    68 |    19 |    44 ||   197

Table legend: (Time is in decaauts)
 A = Elapsed time spent in this place.
 B = Non-inter-level travel time spent in this place.
 C = Inter-level travel time spent in this place.
 D = Time resting spent in this place.
 E = Time spent auto-exploring this place.
 F = Levels seen in this place.
 G = Mean time per level.
                   A        B        C        D        E       F      G
               +--------+--------+--------+--------+--------+-----+--------+
         Total |  15218 |  14758 |    460 |   6273 |   6423 |  11 | 1383.5 |
       Dungeon |  15187 |  14727 |    460 |   6273 |   6423 |  10 | 1518.7 |
         Abyss |     31 |     31 |      0 |      0 |      0 |   1 |   31.0 |
               +--------+--------+--------+--------+--------+-----+--------+

Top non-repeatable levels by time:
     D:9: 2349 daAuts
     D:8: 2308 daAuts
     D:2: 2278 daAuts
     D:7: 1962 daAuts
     D:3: 1466 daAuts
     D:6: 1424 daAuts
     D:1: 1373 daAuts
     D:4: 994 daAuts
     D:5: 961 daAuts
    D:10: 67 daAuts
 Abyss:1: 31 daAuts
